 Dungeon Crawl Stone Soup version 0.22-a0-812-g4c1e2d5471 (webtiles) character file.

504 Htamos the Insei (level 7, -5/41 HPs)
             Began as a Tengu Transmuter on July 23, 2018.
             Slain by an ogre
             ... wielding a +0 giant club
              (21 damage)
             ... on level 4 of the Dungeon.
             The game lasted 00:12:17 (5500 turns).

Htamos the Insei (Tengu Transmuter)                 Turns: 5500, Time: 00:12:18

Health: -5/41      AC:  2    Str: 10      XL:     7   Next: 17%
Magic:  10/13      EV: 12    Int: 12 (15) God:
Gold:   145        SH:  0    Dex:  6 (15) Spells: 6/12 levels left

rFire    . . .     SeeInvis .   u - +1 short sword (speed)
rCold    . . .     Gourm    .   (no shield)
rNeg     . . .     Faith    .   b - +0 robe
rPois    .         Spirit   .   (helmet restricted)
rElec    .         Reflect  .   (no cloak)
rCorr    .         Harm     .   (no gloves)
MR       +....                  (boots unavailable)
Stlth    +.........             (no amulet)
HPRegen  0.13/turn              x - ring of protection from magic
MPRegen  0.13/turn              (no ring)

@: appendage
A: beak, horns 2, talons 3, able to fly 1
a: Fly, End Transformation


You were on level 4 of the Dungeon.
You were near starving.
You had grown temporary horns.
You visited 1 branch of the dungeon, and saw 4 of its levels.

You collected 145 gold pieces.

Inventory:

Hand Weapons
 e - a +0 whip
 f - a +0 dagger
 i - a +4 hunting sling
 u - a +1 short sword of speed (weapon)
Missiles
 a - 76 arrows
 j - 156 stones (quivered)
Armour
 b - a +0 robe (worn)
 r - a +0 ring mail
Jewellery
 c - a +3 ring of dexterity
 x - a ring of protection from magic (left hand)
Scrolls
 g - 2 scrolls of remove curse
 l - a scroll of identify
Potions
 o - a potion of flight
 s - a potion of degeneration
Comestibles
 d - 5 rations


   Skills:
 + Level 3.0 Fighting
 + Level 3.8 Dodging
 + Level 4.5 Unarmed Combat
 + Level 3.3 Spellcasting
 * Level 3.7 Transmutations


You had 6 spell levels left.
You knew the following spells:

 Your Spells              Type           Power        Failure   Level  Hunger
a - Beastly Appendage     Tmut           ##....       4%          1    #......
b - Blade Hands           Tmut           ##........   80%         5    ######.

Your spell library contained the following spells:

 Spells                   Type           Power        Failure   Level  Hunger
 Spider Form              Tmut/Pois      #.........   32%         3    ###....
 Ice Form                 Ice/Tmut       #.......     73%         4    #####..
 Sticks to Snakes         Tmut           ##......     8%          2    ##.....


Dungeon Overview and Level Annotations

Branches:
Dungeon (4/15)
 Temple: D:4-7

Altars:
Fedhas
Nemelex Xobeh
Xom
The Shining One

Annotations:
D:3 Ywein's ghost, amateur MiBe
D:4 Eustachio


Innate Abilities, Weirdness & Mutations

You have a beak for a mouth.
You have claws for feet.
You can fly.
You have a pair of horns on your head.


Message History

You barely miss the ogre. You claw the ogre. You punch the ogre.
The ogre is almost dead.
The ogre barely misses you. The ogre hits you with a giant club!
You hit the ogre. Your peck misses the ogre.
The ogre is almost dead.
You hit the ogre.
You kill the ogre!
You feel your strength returning.
Your Fighting skill increases to level 3!
You have reached level 7!
The ogre hits you with a giant club!
* * * LOW HITPOINT WARNING * * *
You hit the ogre. Your kick misses the ogre.
The ogre is lightly wounded.
The quokka skeleton barely misses you.
You puncture the ogre! You claw the ogre. You headbutt the ogre!
The ogre is severely wounded.
The ogre hits you with a giant club!!
Ouch! That really hurt!
You die...

#####.#
#.#.#.#
#.....#
#.#.#.#
#.#####
#.#.#.#
#.#
#.#.#.####
#Z######
#.#...##..
#......#
#.#.####.#
######.#
#.#.# #..#
#Z# #.#.#
#.## #@#
##.#.#
#.#. #O#
#....#
#.#. #.#
#....#
#.#. ...
#....#
#.## ...
###..#
#..# .....
#..# ##.#
..... ...#
#..
.......
#..# ##.
#..# #.


You could see an ogre and a quokka skeleton.

Vanquished Creatures
  A phantom (D:4)
  An ogre (D:4)
  A quasit (D:3)
  A hound (D:4)
  Natasha (twice) (D:4)
  An iguana (D:3)
  2 worker ants (D:4)
  6 adders
  A howler monkey skeleton (D:4)
  An ooze (D:3)
  3 worms (D:2)
  2 dart slugs
  A leopard gecko (D:4)
  An orc (D:4)
  8 giant cockroaches
  10 hobgoblins
  5 jackals
  A quokka (D:3)
  3 ball pythons
  3 bats
  5 frilled lizards
  5 goblins
  12 kobolds
  8 rats
84 creatures vanquished.

Notes
Turn   | Place    | Note
-------+----------+-------------------------------------------
     0 | D:1      | Htamos the Tengu Transmuter began the quest for the Orb.
     0 | D:1      | Reached XP level 1. HP: 12/12 MP: 4/4
   251 | D:1      | Reached XP level 2. HP: 16/16 MP: 6/6
  1220 | D:2      | Reached XP level 3. HP: 18/20 MP: 7/7
  1293 | D:2      | Found a blossoming altar of Fedhas.
  1425 | D:2      | Reached XP level 4. HP: 9/26 MP: 6/8
  1760 | D:2      | Found a glowing golden altar of the Shining One.
  2376 | D:2      | Found a sparkling altar of Nemelex Xobeh.
  2999 | D:3      | Found a shimmering altar of Xom.
  3063 | D:3      | Gained mutation: You can fly. [Tengu growth]
  3063 | D:3      | Reached XP level 5. HP: 11/30 MP: 8/10
  3549 | D:3      | Found a blossoming altar of Fedhas.
  3845 | D:4      | Noticed Natasha
  3852 | D:4      | Killed Natasha
  3852 | D:4      | Reached skill level 4 in Unarmed Combat
  3882 | D:4      | Noticed a phantom
  4174 | D:4      | Killed a phantom
  4174 | D:4      | Reached XP level 6. HP: 28/36 MP: 11/11
  4181 | D:4      | Learned a level 5 spell: Blade Hands
  4255 | D:4      | Noticed Eustachio
  4376 | D:4      | Noticed Natasha
  4381 | D:4      | Killed Natasha
  4803 | D:4      | Found a transporter.
  4804 | D:4      | Noticed Ywein's ghost (amateur MiBe)
  4816 | D:4      | Found a transporter.
  5498 | D:4      | Reached XP level 7. HP: 24/41 MP: 10/13
  5500 | D:4      | Slain by an ogre

Vault maps used:
D:1:      lightli_arrival_maybe_door_vault
D:2:      nicolae_overflow_crystal_walls, nemelex_xobeh_ov_fountains_minmay,
          fedhas_altar_1
D:3:      lemuel_doored_altar, brannock_xom_greatest_gift
D:4:      kennysheep_goblin_castle, gammafunk_ghost_stat_death, uniq_eustachio,
          uniq_natasha

Skill      XL: |  1  2  3  4  5  6 |
---------------+-------------------+-----
Transmutations | 2 3 |  3.7
Fighting       | 2 3 |  3.0
Dodging        | 3 |  3.8
Unarmed Combat | 4 |  4.5
Spellcasting   | 3 |  3.3

Action                   |  1- 3 |  4- 6 |  7- 9 || total
-------------------------+-------+-------+-------++-------
Melee: Whip              |    13 |       |       ||    13
       Unarmed           |     2 |       |       ||     2
       Kick              |     2 |    42 |     1 ||    45
       Headbutt          |     2 |    21 |     1 ||    24
       Dagger            |     6 |    67 |       ||    73
       Peck              |     1 |    34 |       ||    35
       Short sword       |       |   152 |     2 ||   154
       Punch             |       |     2 |       ||     2
 Fire: Hunting sling     |    49 |       |       ||    49
 Cast: Beastly Appendage |     3 |    18 |       ||    21
 Abil: Fly               |       |     1 |       ||     1
  Use: Potion            |     1 |     8 |       ||     9
       Scroll            |       |     7 |       ||     7
 Stab: Sleeping          |     1 |       |       ||     1
  Eat: Chunk             |     1 |    12 |       ||    13
Armor: Robe              |     7 |    33 |       ||    40
       Skin              |       |    61 |       ||    61
Dodge: Dodged            |    21 |   155 |     1 ||   177

Table legend:
 A = Spawn XP
 B = Non-spawn XP
 C = Spawn XP percentage of total XP
 D = Spawn monster count
 E = Non-spawn monster count
 F = Spawn count percentage of total count
 G = Total turns spent on level
                    A         B        C        D         E        F      G
               +---------+---------+-------+---------+---------+-------+---------
         Total |       0 |     720 |   0.0 |       0 |      84 |   0.0 |  5500
               +---------+---------+-------+---------+---------+-------+---------
           D:1 |       0 |      29 |   0.0 |       0 |      19 |   0.0 |  1158
           D:2 |       0 |     107 |   0.0 |       0 |      31 |   0.0 |  1595
           D:3 |       0 |     145 |   0.0 |       0 |      22 |   0.0 |  1862
           D:4 |       0 |     439 |   0.0 |       0 |      12 |   0.0 |   885
               +---------+---------+-------+---------+---------+-------+---------
